 Dungeon Crawl Stone Soup version 0.31.0-11-ge490571c62 (webtiles) character file.

Game seed: 14203257827506635272

151 mopl the Apothecary (level 5, -4/31 HPs)
             Began as an Octopode Alchemist on Feb 10, 2024.
             Slain by Menkaure (21 damage)
             ... on level 4 of the Dungeon.
             The game lasted 00:03:19 (2233 turns).

mopl the Apothecary (Octopode Alchemist)            Turns: 2233, Time: 00:03:20

Health: -4/31      AC:  1    Str:  7    XL:     5   Next: 33%
Magic:  5/9        EV: 13    Int: 20    God:
Gold:   151        SH:  0    Dex: 12    Spells: 1/10 levels left

rFire   . . .        m - +1 dagger (protect)
rCold   . . .        (no shield)
rNeg    . . .        (helmet restricted)
rPois   .            (no amulet)
rElec   .            (no ring)
rCorr   .            (no ring)
SInv    .            (no ring)
Will    .....        (no ring)
Stlth   +++          (no ring)
HPRegen 0.25/turn    (no ring)
MPRegen 0.11/turn    (no ring)
                     (no ring)

%: no passive effects
@: no status effects
A: almost no armour, amphibious, 8 rings, camouflage 1, gelatinous body 1,
(nimble swimmer 1), tentacles
a: no special abilities


You were on level 4 of the Dungeon.
You visited 1 branch of the dungeon, and saw 4 of its levels.

You collected 151 gold pieces.

Inventory:

Hand Weapons
 l - a +2 short sword of draining
 m - a +1 dagger of protection (weapon)
 p - a +0 quick blade
Missiles
 f - 6 poisoned darts
 q - a boomerang
 s - 6 javelins
Scrolls
 b - a scroll of noise {unknown}
 c - a scroll of identify {unknown}
 e - a scroll of blinking {unknown}
 g - 2 scrolls of amnesia {unknown}
 r - a scroll of fog {unknown}
Potions
 a - a potion of magic
 d - a potion of enlightenment {unknown}
 h - a potion of might {unknown}
 i - 2 potions of curing {unknown}
 j - a potion of mutation {unknown}
 k - a potion of resistance {unknown}
 n - a potion of degeneration {unknown}
 o - 2 potions of heal wounds {unknown}


   Skills:
 - Level 2.0 Dodging
 - Level 2.6 Stealth
 + Level 3.3 Spellcasting
 + Level 2.8 Conjurations
 + Level 0.0 Fire Magic
 + Level 4.5 Alchemy


You had one spell level left.
You knew the following spells:

 Your Spells              Type           Power      Damage    Failure   Level
a - Sting                 Conj/Alch      72%        1d7       3%          1
d - Sticky Flame          Fire/Alch      12%        2d5       47%         4
o - Olgreb's Toxic Radia  Alch           21%        N/A       22%         4

Your spell library contained the following spells:

 Spells                   Type           Power      Damage    Failure   Level
 Mercury Vapours          Alch/Air       24%        N/A       9%          2
 Mephitic Cloud           Conj/Alch/Air  13%        N/A       16%         3


Dungeon Overview and Level Annotations

Branches:
Dungeon (4/15)
 Temple: D:4-7

Altars:
Dithmenos

Annotations:
D:4 Menkaure


Innate Abilities, Weirdness & Mutations

You cannot wear most types of armour.
You are amphibious.
You can wear up to eight rings at the same time.
Your skin changes colour to match your surroundings (Stealth+).
Your rubbery body absorbs attacks. (AC +1, EV +1)
((You are camouflaged when in or above water. (Stealth+)))
You have tentacles for arms and can constrict up to eight enemies at once.


Message History

There is a large open door here.
You see here a rat skeleton.
There is a stone staircase leading down here.
You climb downwards.
Found a mace.
There is a stone staircase leading up here.
Okay, then.
Found a dagger.
Found 5 stones.
Found a stone staircase leading down.
Menkaure, Prince of Dust comes into view.
Menkaure shouts!
Menkaure is nearby!
Menkaure mumbles some strange words.
Menkaure seems to speed up.
There is a stone staircase leading up here.
You climb upwards.
There is a stone staircase leading down here.
This spell is astonishingly dangerous to cast!
You start memorising the spell.
You continue memorising. x4
You finish memorising.
Spell assigned to 'b'.
Adjust (i)tems, (s)pells, or (a)bilities?
Adjust which spell? b - Sticky Flame Adjust to which letter? d - Sticky Flame You climb downwards.
Level annotation: Menkaure
There is a stone staircase leading up here.
Menkaure calls on the powers of darkness!
Your body is wracked with pain!
Casting: Sting (safe; 3% risk of failure)
Confirm with . or Enter, or press ? or * to list all spells.
Aiming: Sticky Flame (astonishingly dangerous; 47% risk of failure)
Press: ? - help, Shift-Dir - straight line, f - Menkaure
Aim: Menkaure (fast)
The sticky flame hits Menkaure.
Menkaure is burned terribly!
Menkaure is lightly damaged.
Menkaure burns!
Menkaure hits you!!
Ouch! That really hurt!
You die...

#......# .#
#.##.### .# #
#.##.####.###
#.##.##.........
#.#...#.####....
#.....M.# .# #
#.#...###
#.##<#######.#
#....M@......#
####.).........
###########.


You could see Menkaure (fast, burning).

Vanquished Creatures
  2 orc priests (D:3)
  An adder (D:2)
  A dart slug (D:1)
  2 ribbon worms
  7 orcs (D:3)
  3 ball pythons
  4 endoplasms
  2 giant cockroaches
  11 goblins
  6 hobgoblins
  2 jackals (D:3)
  9 bats
  3 frilled lizards
  4 kobolds
  10 rats
67 creatures vanquished.

Notes
Turn   | Place    | Note
-------+----------+-------------------------------------------
     0 | D:1      | mopl the Octopode Alchemist began the quest for the Orb.
     0 | D:1      | Reached XP level 1. HP: 11/11 MP: 3/3
   223 | D:1      | Reached XP level 2. HP: 5/17 MP: 1/5
   527 | D:1      | Reached XP level 3. HP: 21/21 MP: 4/6
   690 | D:2      | Found a faded altar of an unknown god.
  1040 | D:2      | Reached skill level 4 in Alchemy
  1242 | D:3      | Reached XP level 4. HP: 27/27 MP: 4/8
  1247 | D:3      | Learned a level 4 spell: Olgreb's Toxic Radiance
  1380 | D:3      | Found a shadowy altar of Dithmenos.
  1748 | D:3      | Reached XP level 5. HP: 26/31 MP: 3/9
  2208 | D:4      | Noticed Menkaure
  2226 | D:3      | Learned a level 4 spell: Sticky Flame
  2233 | D:4      | Slain by Menkaure

Illustrated notes

Levels and vault maps discovered:
D:1:      nagdon_arrival_double_spiral, layout_basic
D:2:      layout_loops_ring, shapermc_ecumenical_altar_gd
D:3:      layout_basic, grunt_dithmenos_smoke, kennysheep_generic_room_3
D:4:      minmay_octagon_keep, layout_loops_ring,
          lemuel_mausoleum_altar_kikubaaqudgha, chei_slow_surprise,
          uniq_sigmund, uniq_ijyb, uniq_menkaure

Skill      XL: |  1  2  3  4 |
---------------+-------------+-----
Conjurations   | 2 |  2.8
Alchemy        | 4 |  4.5
Spellcasting   | 3 |  3.3
Dodging        | |  2.0
Stealth        | |  2.6

Action                     |  1- 3 |  4- 6 || total
---------------------------+-------+-------++-------
  Melee: Unarmed           |    23 |       ||    23
         Tentacles         |     5 |     2 ||     7
         Constrict         |     5 |     3 ||     8
         Dagger            |     1 |    13 ||    14
   Cast: Sting             |    55 |    54 ||   109
         Sticky Flame      |       |     1 ||     1
 Armour: Skin              |    18 |    13 ||    31
  Dodge: Dodged            |    25 |    23 ||    48
